Map: Extracción Fríonegro

Players

MrFercho - Winner!

  • Race: Terran Terran
  • Spawn Location: 5:00

tigro

  • Race: Terran Terran
  • Spawn Location: 11:00

VOD

Have the link to the VOD?

Description

Time

  • Played on: June 25, 2019, 11:39 p.m.
  • Length: 26:56
Show
View Real Time Build Order
Export as new Build Order

MrFercho Terran - Winner!

Build Orders:  

Get SALT Encoding   

  12  0:02  SCV  
  13  0:25  SCV  
  14  0:33  Supply Depot  
  14  0:43  SCV  
  14  0:45  Refinery  
  15  1:02  Supply Depot  
  15  1:27  SCV  
  16  1:39  SCV  
  17  1:45  Refinery  
  17  1:51  SCV  
  18  2:03  SCV  
  19  2:12  Barracks  
  19  2:15  SCV  
  20  2:28  SCV  
  21  2:40  SCV  
  21  2:41  Supply Depot  
  22  2:52  SCV  
  23  2:59  Command Center  
  23  3:04  Barracks Tech Lab, SCV  
  23  3:05  Supply Depot  
  24  3:16  SCV  
  25  3:24  Barracks  
  25  3:25  Barracks  
  25  3:28  Supply Depot, SCV  
  26  3:38  Refinery  
  26  3:50  Supply Depot  
  26  4:01  Refinery  
  26  4:13  Barracks Tech Lab x2  
  26  4:16  Orbital Command  
  26  4:24  SCV  
  27  4:36  SCV  
  28  4:48  SCV  
  28  4:49  Engineering Bay  
  29  5:00  SCV  
  29  5:05  Factory  
  30  5:11  Factory  
  30  5:12  SCV  
  31  5:15  Engineering Bay  
  31  5:21  Reaper x3  
  34  5:37  Sensor Tower  
  34  5:42  Engineering Bay  
  34  5:50  Factory  
  34  5:53  Marauder x2  
  34  5:56  Factory  
  38  6:02  Sensor Tower  
  38  6:16  Orbital Command  
  38  6:25  SCV  
  39  6:33  Sensor Tower  
  39  6:37  SCV  
  40  6:47  Starport  
  40  6:49  SCV  
  41  6:55  Starport  
  41  7:01  SCV  
  42  7:13  SCV  
  43  7:25  Starport  
  40  7:32  Starport  
  40  7:36  Factory Tech Lab x2  
  40  7:37  Factory Tech Lab x2  
  36  7:40  Terran Infantry Weapons Level 1  
  36  7:41  Terran Infantry Armor Level 1  
  36  8:09  SCV x2  
  38  8:21  SCV x2  
  38  8:24  Supply Depot  
  40  8:33  SCV x2  
  42  8:42  Siege Tank x4  
  42  8:45  Barracks x2, SCV x2  
  42  8:47  Supply Depot  
  56  8:57  SCV x2  
  56  8:59  Marauder x2, Marine  
  63  9:10  Supply Depot  
  63  9:17  Marine  
  63  9:20  Marine  
  63  9:23  Starport Tech Lab  
  63  9:24  Starport Tech Lab x2  
  65  9:26  Starport Tech Lab  
  65  9:27  Armory  
  65  9:32  Supply Depot  
  65  9:34  Barracks  
  65  9:35  Barracks  
  65  9:57  Supply Depot  
  65  9:59  Command Center  
  65  10:04  Refinery x2  
  65  10:13  Barracks Tech Lab x2  
  65  10:15  Armory  
  65  10:20  Supply Depot  
  65  10:24  Barracks Tech Lab x2  
  65  10:38  Fusion Core  
  65  10:46  Terran Infantry Weapons Level 2, Terran Infantry Armor Level 2  
  65  10:47  Neosteel Armor  
  65  10:48  Ghost Academy  
  65  11:04  Armory  
  65  11:19  Ghost Academy  
  63  11:28  Ghost Academy  
  63  11:48  Ghost Academy  
  49  12:11  Marine x3  
  49  12:12  Marauder x2  
  49  12:13  Marauder x2  
  60  12:26  Thor x2  
  60  12:27  Thor x2, Hi-Sec Auto Tracking  
  60  12:28  Marine  
  60  12:29  Marine x2  
  87  12:34  Marauder x2  
  91  12:47  Orbital Command  
  91  13:03  Battlecruiser  
  97  13:09  Cyclone x2, Weapon Refit  
  97  13:10  Cyclone x2  
  109  13:35  Personal Cloaking  
  109  13:45  Terran Ship Weapons Level 1, Terran Vehicle Weapons Level 1  
  109  13:46  Terran Vehicle And Ship Armor Level 1  
  109  13:54  SCV x3  
  112  14:06  SCV x3  
  115  14:18  SCV x3  
  115  14:23  Medivac  
  115  14:24  Medivac x3  
  122  14:30  SCV x3  
  129  14:36  Command Center  
  129  14:42  Concussive Shells  
  129  14:44  Combat Shield  
  129  15:03  Stimpack  
  129  15:34  Marine x5  
  129  15:35  Marine x2  
  136  15:45  Terran Vehicle And Ship Armor Level 2, Terran Vehicle Weapons Level 2, Terran Ship Weapons Level 2  
  136  15:50  Terran Infantry Weapons Level 3  
  136  15:51  Terran Infantry Armor Level 3  
  136  15:53  Infernal Pre-Igniter  
  136  15:54  Mag-Field Accelerator, Smart Servos, Drilling Claws  
  136  15:58  Advanced Ballistics  
  136  15:59  Rapid Reignition System, Cloaking Field  
  136  16:07  Command Center  
  136  16:09  Orbital Command  
  136  17:11  Refinery  
  136  17:12  Refinery  
  136  17:16  Refinery  
  136  17:17  Refinery  
  136  17:19  Command Center  
  136  17:20  Refinery  
  136  17:21  Refinery  
  136  17:40  Command Center  
  136  17:42  Refinery  
  136  17:43  Refinery  
  136  18:08  Corvid Reactor  
  136  18:10  Hyperflight Rotors  
  136  18:14  Terran Ship Weapons Level 3, Terran Vehicle Weapons Level 3  
  136  18:15  Terran Vehicle And Ship Armor Level 3  
  136  18:35  Hellion x3  
  136  18:36  Cyclone  
  145  18:56  Siege Tank, Cyclone  
  151  19:04  Nuke x4  
  151  19:12  SCV  
  152  19:25  SCV  
  152  19:28  SCV  
  154  19:37  SCV  
  155  19:40  SCV  
  156  19:49  SCV  
  156  19:52  Marine x3  
  158  19:53  Marine x4  
  164  20:01  SCV  
  165  20:10  Marine x4  
  165  20:11  Marine x3  
  172  20:17  Siege Tank x3  
  172  20:19  Siege Tank  
  184  20:28  Marine x5  
  186  20:29  Marine x2  
  191  20:46  Marine x6  
  191  20:47  Marine  
  198  21:03  Marine x2  
Show
View Real Time Build Order
Export as new Build Order

tigro Terran 

Build Orders:  

Get SALT Encoding   

  12  0:06  SCV  
  13  0:18  SCV  
  14  0:25  Refinery  
  14  0:30  SCV  
  14  0:34  Refinery  
  15  0:42  Supply Depot  
  15  1:04  SCV  
  15  1:09  Supply Depot  
  16  1:16  SCV  
  17  1:28  SCV  
  17  1:32  Supply Depot  
  18  1:40  SCV  
  19  2:01  Barracks  
  20  2:37  SCV  
  20  2:50  Barracks  
  20  3:00  Marine  
  21  3:06  Command Center  
  21  3:18  Marine  
  22  3:36  Marine  
  23  3:41  Barracks Tech Lab  
  23  3:53  Marine  
  24  4:11  Marine  
  25  4:20  Engineering Bay  
  25  4:23  Combat Shield  
  25  5:04  Bunker  
  25  5:35  Factory  
  25  5:46  Barracks Tech Lab  
  25  5:50  Marauder  
  27  6:01  Planetary Fortress  
  27  6:03  Stimpack  
  27  6:11  Marauder  
  29  6:22  Missile Turret  
  29  6:33  Marauder  
  29  6:35  Marine  
  32  6:45  Factory Tech Lab, Missile Turret  
  32  6:52  Marine  
  33  6:54  Marauder  
  33  6:58  Factory  
  35  7:10  Marine  
  38  7:16  Marauder  
  38  7:28  Marine  
  39  7:43  Concussive Shells  
  39  7:46  Marine  
  39  7:50  Marine  
  41  8:04  Marauder, Factory Tech Lab  
  43  8:08  Infernal Pre-Igniter, Marine  
  44  8:25  Marine  
  44  8:26  Marauder  
  47  8:34  Armory  
  47  8:42  Refinery  
  47  8:43  Marine  
  47  8:44  Siege Tank  
  47  8:47  Marauder  
  53  9:01  Marine  
  54  9:27  Mag-Field Accelerator  
  54  9:34  Supply Depot  
  54  9:50  Refinery  
  54  9:56  Marauder, Siege Tank, SCV  
  60  10:08  SCV  
  61  10:38  Supply Depot  
  61  10:59  Siege Tank  
  61  11:32  Siege Tank  
  42  12:04  Siege Tank  
  45  12:34  Marauder  
  47  12:38  Marine  
  48  12:53  Missile Turret  
  48  12:56  Marauder, Marine  
  51  13:14  Marine  
  51  13:17  Marauder  
  54  13:32  Marine  
  55  13:38  Marauder  
  57  13:48  Missile Turret  
  57  13:50  Marine  
  58  13:58  SCV  
  58  14:00  Marauder  
  61  14:05  Drilling Claws  
  61  14:10  SCV  
  62  14:22  SCV  
  63  14:25  Missile Turret  
  63  14:34  SCV  
  64  14:55  Terran Vehicle Weapons Level 1  
  64  14:59  Terran Infantry Weapons Level 1  
  64  15:02  Starport  
  64  15:09  Thor  
  70  15:24  Smart Servos  
  70  15:48  Starport Tech Lab  
  70  16:00  Missile Turret  
  70  16:18  Fusion Core  
  70  16:28  Supply Depot  
  70  16:34  Missile Turret  
  70  16:49  Terran Vehicle And Ship Armor Level 1  
  70  16:50  Siege Tank  
  70  16:54  Terran Infantry Armor Level 1  
  73  16:58  Starport  
  73  17:17  Siege Tank  
  76  17:53  Missile Turret  
  76  18:40  Missile Turret  
  76  18:43  Terran Ship Weapons Level 1  
  76  18:48  Neosteel Armor  
  76  18:58  Supply Depot  
  76  19:19  Thor, Siege Tank, Missile Turret  
  85  20:25  Missile Turret  
  85  20:28  Hi-Sec Auto Tracking  
  85  20:40  Missile Turret, Starport Tech Lab  
  85  20:43  Rapid Reignition System  
  85  20:50  Weapon Refit  
  85  21:22  Missile Turret  
  85  21:39  Supply Depot x2  
  85  21:40  Corvid Reactor  
  85  21:55  Missile Turret  
  85  21:58  Battlecruiser  
  29  22:38  Siege Tank  
  32  22:58  Cloaking Field  
  32  23:02  Battlecruiser  
  38  23:11  Planetary Fortress, Siege Tank  
  35  23:51  Missile Turret  
  35  23:59  Missile Turret  
  1  25:45  Barracks  
Tags
 
Matchup
TvT
Race
Terran
Replay Pack
MrFercho
Spawn Locations
Cross Positions
Add a new tag
Caveats
  • Supply blocks, unpowered buildings, or Contaminate may cause inaccurate times.
  • Supply counts are checked every 10 seconds.